 Dungeon Crawl Stone Soup version 0.24-a0-274-gb3763e6 (webtiles) character file.

Game seed: 16035836730998579802

4013 MatthieuS the Spear-Bearer (level 10, -1/66 HPs)
             Began as a Human Skald on Apr 26, 2019.
             Was a Priest of Ru.
             Slain by a killer bee (8 damage)
             ... on level 9 of the Dungeon.
             The game lasted 00:28:13 (12188 turns).

MatthieuS the Spear-Bearer (Human Skald)           Turns: 12188, Time: 00:28:14

Health: -1/66      AC:  6    Str: 15      XL:     10   Next: 47%
Magic:  10/17      EV: 12    Int: 23 (24) God:    Ru [***...]
Gold:   254        SH:  0    Dex: 18 (20) Spells: 7/18 levels left

rFire    . . .     SeeInvis .   a - +0 trident
rCold    . . .     Gourm    .   (no shield)
rNeg     . . .     Faith    .   s - +1 leather armour of the Realm of Zot {Str+4 Int+8 Dex+8 Slay-6}
rPois    .         Spirit   .   (no helmet)
rElec    .         Reflect  .   i - +0 cloak
rCorr    .         Harm     .   p - +0 pair of gloves
MR       .....                  (no boots)
Stlth    +.........             k - amulet of regeneration
HPRegen  0.61/turn              (no ring)
MPRegen  0.15/turn              (no ring)

@: lethally poisoned (-1 -> -2), exhausted, infused, very slightly contaminated,
drained
A: blink, deterioration 1, dopey 1, frail 1, inability to use devices,
MP-powered wands
a: Blink, Draw Out Power, Renounce Religion


You were on level 9 of the Dungeon.
You worshipped Ru.
Ru was most pleased with you.
You were not hungry.

You visited 2 branches of the dungeon, and saw 10 of its levels.

You collected 475 gold pieces.
You spent 221 gold pieces at shops.

Inventory:

Hand Weapons
 a - a +0 trident (weapon)
   (You took it off an orc on level 4 of the Dungeon)
 d - a +0 scythe
   (You took it off Sigmund on level 5 of the Dungeon)
Armour
 b - a +0 leather armour
 c - a +2 buckler
   (You found it on level 7 of the Dungeon)
 i - a +0 cloak (worn)
   (You found it on level 6 of the Dungeon)
 p - a +0 pair of gloves (worn)
   (You found it on level 7 of the Dungeon)
 s - the +1 leather armour of the Realm of Zot (worn) {Str+4 Int+8 Dex+8 Slay-6}
   (You found it on level 4 of the Dungeon)

   It affects your strength (+4).
   It affects your intelligence (+8).
   It affects your dexterity (+8).
   It affects your accuracy and damage with ranged weapons and melee attacks
   (-6).
 t - a +1 scale mail
   (You took it off an orc on level 3 of the Dungeon)
Jewellery
 k - an amulet of regeneration (around neck)
   (You found it on level 8 of the Dungeon)
Scrolls
 f - 3 scrolls of teleportation {@r4}
 h - 3 scrolls of remove curse {unknown}
 j - a scroll of enchant armour
 l - 2 scrolls of enchant weapon
 n - 3 scrolls of amnesia {unknown}
 u - a scroll of magic mapping {unknown}
 v - a scroll of fog {unknown}
 w - 5 scrolls of identify {@r1}
Potions
 g - a potion of cancellation
 r - a potion of flight
Comestibles
 e - 12 rations


   Skills:
 - Level 5.1(4.4) Fighting
 + Level 11.8(11.1) Polearms
 - Level 1.0(0.4) Armour
 - Level 2.0(1.4) Dodging
 - Level 4.7(4.0) Spellcasting
 - Level 5.6(4.9) Charms


You had 7 spell levels left.
You knew the following spells:

 Your Spells              Type           Power        Failure   Level  Hunger
a - Infusion              Chrm           ####         1%          1    None
b - Spectral Weapon       Hex/Chrm       ###.....     14%         3    ##.....
e - Regeneration          Chrm/Necr      ###.......   14%         3    ##.....
q - Song of Slaying       Chrm           ####....     2%          2    #......
A - Shroud of Golubria    Chrm/Tloc      ###.......   7%          2    #......

Your spell library contained the following spells:

 Spells                   Type           Power        Failure   Level  Hunger
 Summon Small Mammal      Summ           #...         13%         1    None
 Call Imp                 Summ           #.......     19%         2    #......
 Call Canine Familiar     Summ           #.......     36%         3    ##.....
 Summon Guardian Golem    Hex/Summ       #.......     36%         3    ##.....
 Summon Ice Beast         Ice/Summ       #.......     77%         4    ####...
 Summon Lightning Spire   Summ/Air       #.......     77%         4    ####...


Dungeon Overview and Level Annotations

Branches:
Dungeon (9/15)             Temple (1/1) D:5
   Lair: D:8-11         Orc: D:9-12

Altars:
Ashenzari
Dithmenos
Elyvilon
Hepliaklqana
Kikubaaqudgha
Makhleb
Nemelex Xobeh
Qazlal
Ru
Sif Muna
Trog
Vehumet
Wu Jian
Xom
Yredelemnul
The Shining One

Shops:
D:4 }   D:6 !

Annotations:
D:4 4 runed translucent doors
D:5 1 runed translucent door, Crazy Yiuf


Innate Abilities, Weirdness & Mutations

You are dopey. (Int -2)
You cannot study or use magical devices.
You can translocate small distances at will.
Your body sometimes deteriorates upon taking damage.
You are frail. (-10% HP)
You expend magic power (3 MP) to strengthen your wands.


Message History

The killer bee closely misses you.
You hit the killer bee.
You feel sick. The killer bee closely misses you.
You miss the killer bee. The killer bee misses you. The killer bee stings you.
You hit the killer bee!
You feel sick. The killer bee stings you.
You hit the killer bee. The killer bee barely misses you.
The killer bee stings you.
* * * LOW HITPOINT WARNING * * *
You closely miss the killer bee.
You feel sick. The killer bee closely misses you.
You miss the killer bee.
The killer bee stings you but does no damage.
The killer bee is stunned by your will and fails to attack.
You hit the killer bee!
You kill the killer bee!
The killer bee barely misses you.
You closely miss the killer bee.
You feel sick. The killer bee stings you.
* * * LOW HITPOINT WARNING * * *
You are restored by drawing out deep reserves of power within.
You feel drained. The killer bee stings you!
You are more poisoned.
The killer bee poisons you!
The killer bee stings you but does no damage.
You miss the killer bee.
You feel sick. The killer bee stings you!
* * * LOW HITPOINT WARNING * * *
You hit the killer bee!
You feel sick. The killer bee barely misses you. The killer bee stings you.
* * * LOW HITPOINT WARNING * * *
You miss the killer bee.
You feel sick. The killer bee stings you.
* * * LOW HITPOINT WARNING * * *
You are more poisoned.
The killer bee poisons you!
You hit the killer bee.
You feel sick. The killer bee closely misses you. The killer bee misses you.
You feel better. The killer bee stings you.
* * * LOW HITPOINT WARNING * * *
You are poisoned.
The killer bee poisons you! The killer bee misses you.
You closely miss the killer bee.
You feel sick. The killer bee completely misses you.
You barely miss the killer bee.
You feel sick. The killer bee stings you!
* * * LOW HITPOINT WARNING * * *
The killer bee stings you!
* * * LOW HITPOINT WARNING * * *
You are more poisoned.
The killer bee poisons you!
You miss the killer bee.
The killer bee stings you but does no damage.
You miss the killer bee.
You feel sick. The killer bee closely misses you.
You hit the killer bee.
You feel sick. The killer bee stings you!
You die...

#...........# #.......
#...........# #.......
#############.###.###.......
#.<.....# #.###.##...y...#
#...###.# #........####..#
#...# #.# #........#.....#
#...# #.# #........#.##.##
#...# #.#####y.......#.##.#
#...# #....@yy###.##.#....##
#...# ######### #.##.#.....#
#...# #.##.....#.#
#.####.#.#.# #......#.#.#
#.####.#.#.# ### ###.#.#
..#.# ###.#


You could see 3 killer bees.

Vanquished Creatures
  A hippogriff (D:9)
  Prince Ribbit (D:5)
  Sigmund (D:5)
  A water moccasin (D:5)
  An ice beast (D:8)
  3 orc warriors
  2 phantoms
  5 ogres
  3 sky beasts
  2 centaurs (D:5)
  6 bullfrogs
  A wyvern zombie (D:7)
  A killer bee (D:9)
  3 crimson imps (D:5)
  A bullfrog zombie (D:7)
  2 centaur zombies (D:8)
  2 jellies
  3 hounds
  4 orc priests
  Ijyb (D:5)
  A centaur skeleton (D:7)
  13 orc wizards
  2 iguanas
  4 worker ants
  Terence (D:2)
  A hound skeleton (D:4)
  A howler monkey zombie (D:7)
  5 gnolls
  16 adders
  2 shadow imps (D:8)
  2 oozes
  2 adder skeletons
  4 worms
  2 dart slugs
  8 leopard geckos
  33 orcs
  6 bats
  8 giant cockroaches
  6 goblins
  10 hobgoblins
  12 jackals
  5 kobolds
  7 quokkas
  4 ball pythons
  6 frilled lizards
  A jackal skeleton (D:8)
  2 leopard gecko skeletons (D:5)
  2 quokka skeletons
  9 rats
219 creatures vanquished.

Vanquished Creatures (others)
  A centaur (D:8)
  3 spectral weapons
4 creatures vanquished.

Grand Total: 223 creatures vanquished

Notes
Turn   | Place    | Note
-------+----------+-------------------------------------------
     0 | D:1      | MatthieuS the Human Skald began the quest for the Orb.
     0 | D:1      | Reached XP level 1. HP: 16/16 MP: 3/3
   148 | D:1      | Reached XP level 2. HP: 10/22 MP: 0/5
   558 | D:1      | Reached XP level 3. HP: 27/27 MP: 3/6
   967 | D:2      | Learned a level 2 spell: Song of Slaying
   970 | D:2      | Learned a level 2 spell: Shroud of Golubria
  1240 | D:2      | Reached XP level 4. HP: 25/34 MP: 3/7
  1540 | D:2      | Found a faded altar of an unknown god.
  1629 | D:2      | Learned a level 3 spell: Spectral Weapon
  1694 | D:2      | Noticed Terence
  1752 | D:2      | Killed Terence
  2434 | D:3      | Reached XP level 5. HP: 40/40 MP: 6/9
  2886 | D:3      | Reached skill level 3 in Polearms
  3223 | D:3      | Found a basalt altar of Yredelemnul.
  3359 | D:3      | Reached XP level 6. HP: 37/47 MP: 1/10
  3457 | D:3      | Found a sacrificial altar of Ru.
  3489 | D:3      | Became a worshipper of Ru the Awakened
  3712 | D:4      | Found a large runed translucent door.
  3712 | D:4      | Found a large runed translucent door.
  3714 | D:4      | Noticed a troll
  3720 | D:4      | Found Nogroxu's Gadget Shoppe.
  3721 | D:4      | Found a large runed translucent door.
  3721 | D:4      | Found a large runed translucent door.
  4098 | D:4      | Got a translucent leather armour
  4109 | D:4      | Identified the +1 leather armour of the Realm of Zot {Str+4
                  | Int+8 Dex+8 Slay-6} (You found it on level 4 of the
                  | Dungeon)
  4131 | D:4      | Noticed an ogre
  4143 | D:4      | Killed an ogre
  4548 | D:4      | Reached XP level 7. HP: 52/53 MP: 5/12
  5189 | D:4      | Reached skill level 4 in Polearms
  5428 | D:4      | Found a shadowy altar of Dithmenos.
  5428 | D:4      | Found a deep blue altar of Sif Muna.
  5429 | D:4      | Found a shattered altar of Ashenzari.
  5592 | D:5      | Entered Level 5 of the Dungeon
  5637 | D:5      | Noticed Prince Ribbit
  5650 | D:5      | Killed Prince Ribbit
  5744 | D:5      | Found a staircase to the Ecumenical Temple.
  5744 | D:5      | Noticed Sigmund
  5751 | Temple   | Entered the Ecumenical Temple
  6196 | Temple   | Gained mutation: You can translocate small distances at
                  | will. [potion of mutation]
  6196 | Temple   | Gained mutation: You are partially covered in thin metallic
                  | scales. (AC +2) [potion of mutation]
  6489 | D:5      | Reached skill level 5 in Charms
  6489 | D:5      | Reached XP level 8. HP: 35/61 MP: 14/14
  6643 | D:5      | Killed Sigmund
  6701 | D:5      | Found a bloodstained altar of Trog.
  6737 | D:5      | Reached skill level 5 in Fighting
  7170 | D:5      | Reached skill level 5 in Polearms
  7226 | D:5      | HP: 3/62 [something (1)]
  7260 | D:5      | Learned a level 3 spell: Regeneration
  7620 | D:5      | Reached skill level 6 in Polearms
  7709 | D:5      | Noticed Ijyb
  7720 | D:5      | Killed Ijyb
  7722 | D:5      | Reached XP level 9. HP: 31/68 MP: 10/16
  8130 | D:5      | Found an ornate altar of the Wu Jian Council.
  8131 | D:5      | Found a sparkling altar of Nemelex Xobeh.
  8131 | D:5      | Found a hazy altar of Hepliaklqana.
  8131 | D:5      | Found a burning altar of Makhleb.
  8137 | D:5      | Reached skill level 7 in Polearms
  8138 | D:5      | Gained mutation: You cannot study or use magical devices.
                  | [Ru sacrifice]
  8138 | D:5      | Reached * piety under Ru
  8138 | D:5      | Reached ** piety under Ru
  8143 | D:5      | Found a shimmering altar of Xom.
  8148 | D:5      | Found a glowing golden altar of the Shining One.
  8303 | D:5      | Found a runed translucent door.
  8304 | D:5      | Noticed Crazy Yiuf
  8559 | D:6      | Found an ancient bone altar of Kikubaaqudgha.
  8620 | D:6      | Found Wiziti's Distillery.
  8643 | D:6      | Bought a potion of heal wounds for 65 gold pieces
  8643 | D:6      | Bought a potion of might for 52 gold pieces
  8653 | D:6      | Reached skill level 8 in Polearms
  9463 | D:6      | Reached skill level 9 in Polearms
  9785 | D:7      | Found a radiant altar of Vehumet.
 10470 | D:7      | Reached skill level 10 in Polearms
 10640 | D:7      | Found a deep blue altar of Sif Muna.
 10657 | D:7      | Reached XP level 10. HP: 69/74 MP: 8/17
 11055 | D:7      | Gained mutation: You are dopey. (Int -2) [Ru sacrifice]
 11055 | D:7      | Reached *** piety under Ru
 11110 | D:6      | Bought a potion of mutation for 104 gold pieces
 11111 | D:6      | Gained mutation: You are frail. (-10% HP) [potion of
                  | mutation]
 11111 | D:6      | Lost mutation: You are partially covered in thin metallic
                  | scales. (AC +2) [potion of mutation]
 11111 | D:6      | Gained mutation: Your body sometimes deteriorates upon
                  | taking damage. [potion of mutation]
 11111 | D:6      | Gained mutation: You expend magic power (3 MP) to
                  | strengthen your wands. [potion of mutation]
 11319 | D:8      | Found a bloodstained altar of Trog.
 11444 | D:8      | Reached skill level 11 in Polearms
 12188 | D:9      | Slain by a killer bee

Levels and vault maps discovered:
D:1:      minmay_arrival_arboretum_small, layout_rooms
D:2:      layout_basic, chequers_ecumenical_altar_island, first_ration,
          hangedman_decor_growths, uniq_terence
D:3:      layout_rooms, yredelemnul_altar_generic, nicolae_ru_awakened_eye,
          st_stairs_7, minmay_joined_circles
D:4:      layout_basic, chequers_temple_overflow_statue_of_worship,
          serial_shops, shop, minmay_hollow_rounded_squares
D:5:      layout_loops_corners, minmay_overflow_temple_hex,
          minmay_temple_entry_tees, basic_altar, uniq_prince_ribbit1,
          uniq_crazy_yiuf_cottage, uniq_ijyb, uniq_sigmund
D:6:      layout_basic, old_standard_altar, serial_shops, shop
D:7:      kennysheep_orc_sif_temple, layout_basic, vehumet_altar_wand_db
D:8:      layout_rooms, basic_altar
D:9:      layout_basic, david_lair_shrubbed, david_orc_3
Temple:   compressed_dpeg_triangle_lava_temple

Skill      XL: |  1  2  3  4  5  6  7  8  9 10 |
---------------+-------------------------------+-----
Fighting       | 3 4 5 |  5.1
Polearms       | 3 4 6 10 11 | 11.8
Spellcasting   | 3 4 |  4.7
Charms         | 4 5 |  5.6
Armour         | |  1.0
Dodging        | |  2.0

Action                   |  1- 3 |  4- 6 |  7- 9 | 10-12 || total
-------------------------+-------+-------+-------+-------++-------
Melee: Spear             |   105 |   249 |    66 |       ||   420
       Trident           |       |       |    38 |    27 ||    65
       Scythe            |       |       |   268 |    97 ||   365
 Cast: Infusion          |    14 |    23 |    13 |     7 ||    57
       Spectral Weapon   |       |     6 |    34 |    18 ||    58
       Shroud of Golubri |       |     1 |     2 |       ||     3
       Regeneration      |       |       |     3 |       ||     3
Invok: Sacrifice Artific |       |       |     1 |       ||     1
       Draw Out Power    |       |       |       |     2 ||     2
       Sacrifice Purity  |       |       |       |     1 ||     1
  Use: Potion            |       |     3 |    15 |     4 ||    22
       Scroll            |       |     8 |     1 |     1 ||    10
 Stab: Sleeping          |       |       |     3 |     1 ||     4
       Invisible         |       |       |     1 |     3 ||     4
  Eat: Chunk             |     1 |     9 |    14 |     6 ||    30
       Ration            |       |     1 |     2 |       ||     3
Armor: Leather armour    |    31 |    16 |   148 |    26 ||   221
       Scale mail        |       |    42 |       |       ||    42
Dodge: Dodged            |    61 |   125 |   302 |    77 ||   565

Table legend:
 A = Non-vault XP
 B = Vault XP
 C = Vault XP percentage of total XP
 D = Non-vault monster count
 E = Vault monster count
 F = Vault count percentage of total count
                 A         B        C        D         E       F
            +---------+---------+-------+---------+---------+-------
      Total |    4824 |     909 |  15.9 |     189 |      30 |  13.7
            +---------+---------+-------+---------+---------+-------
        D:1 |      45 |       0 |   0.0 |      25 |       0 |   0.0
        D:2 |      88 |      32 |  26.7 |      18 |       1 |   5.3
        D:3 |     115 |      38 |  24.8 |      31 |      12 |  27.9
        D:4 |     296 |      63 |  17.5 |       9 |       9 |  50.0
        D:5 |     937 |     524 |  35.9 |      30 |       3 |   9.1
        D:6 |     929 |       0 |   0.0 |      26 |       0 |   0.0
        D:7 |     977 |     252 |  20.5 |      26 |       5 |  16.1
        D:8 |    1083 |       0 |   0.0 |      21 |       0 |   0.0
        D:9 |     354 |       0 |   0.0 |       3 |       0 |   0.0
            +---------+---------+-------+---------+---------+-------
